 Dungeon Crawl Stone Soup version 0.27-a0-1202-ge72e49191c (webtiles) character file.

Game seed: 12501669885741783751

471 sanka the Chopper (level 7, -2/61 HPs)
             Began as a Ghoul Fighter on June 4, 2021.
             Slain by a kobold brigand
             ... wielding a +0 club
              (7 damage)
             ... on level 3 of the Dungeon.
             The game lasted 00:05:32 (4329 turns).

sanka the Chopper (Ghoul Fighter)                   Turns: 4329, Time: 00:05:33

Health: -2/61      AC: 10    Str: 20    XL:     7   Next: 9%
Magic:  6/6        EV:  7    Int:  3    God:
Gold:   50         SH:  8    Dex: 10    Spells: 6/6 levels left

rFire    . . .     SeeInvis .   a - +0 war axe
rCold    + . .     Faith    .   c - +0 kite shield
rNeg     + + +     Spirit   .   b - +0 scale mail
rPois    ∞         Reflect  .   k - +0 helmet
rElec    .         Harm     .   (no cloak)
rCorr    .         Rampage  .   i - +0 pair of gloves
Will     .....                  n - +0 pair of boots
Stlth    ..........             (no amulet)
HPRegen  0.00/turn              (no ring)
MPRegen  0.10/turn              (no ring)

@: no status effects
A: claws 1, cold resistance 1, negative energy resistance 3, inhibited
regeneration, torment resistance 2
a: no special abilities


You were on level 3 of the Dungeon.
You visited 1 branch of the dungeon, and saw 4 of its levels.
You also visited: Ossuary.

You collected 50 gold pieces.


Innate Abilities, Weirdness & Mutations

You thrive by killing the living.
You are immune to poison.
You have sharp fingernails.
Your flesh is cold resistant. (rC+)
You are immune to negative energy. (rN+++)
You do not regenerate when monsters are visible.
You are immune to unholy pain and torment.


   Skills:
 + Level 5.6 Fighting
 * Level 5.6 Axes
 - Level 2.6 Armour
 - Level 2.6 Shields


You had 6 spell levels left.
You didn't know any spells.
Your spell library was empty.

Inventory:

Hand Weapons
 a - a +0 war axe (weapon)
Armour
 b - a +0 scale mail (worn)
 c - a +0 kite shield (worn)
 i - a +0 pair of gloves (worn)
 k - a +0 helmet (worn)
 n - a +0 pair of boots (worn)
Scrolls
 e - 7 scrolls of teleportation {unknown}
 g - 10 scrolls of identify {unknown}
 h - 4 scrolls of blinking {unknown}
 j - a scroll of magic mapping {unknown}
 q - a scroll of holy word {unknown}
 r - a scroll of vulnerability {unknown}
Potions
 d - 2 potions of might
 f - a potion of brilliance {unknown}
 l - a potion of lignification
 m - a potion of flight {unknown}
 o - 2 potions of heal wounds {@q2}
 p - 2 potions of mutation
 s - a potion of resistance {unknown}
 t - a potion of ambrosia {unknown}
 u - 2 potions of curing {unknown}
 v - a potion of attraction {!q}

Dungeon Overview and Level Annotations

Branches:
Dungeon (4/15)            Ossuary (visited)
 Temple: D:4-7

Altars:
Xom

Annotations:
D:3 1 runed translucent door, Sapher's ghost, amateur DDFi

▒▒▒.>........▒ ▒≈≈▒▒
▒.▒. ▒
▒▒▒▒▒▒▒▒▒..▒..▒≈▒▒ ▒.▒.
▒▒.▒..▒≈▒ ▒.▒.
▒.≈▒..▒▒▒ ▒.▒. ▒>≈▒▒..▒
▒.▒.
▒.≈≈▒..▒▒▒▒▒▒▒▒▒▒▒▒▒.▒.
▒.≈≈▒▒..▒............▒.
▒≈≈≈≈▒KK▒.....▒▒▒▒▒▒▒▒.
▒≈≈≈≈▒n)▒▒▒▒▒.▒ ▒.
▒≈≈≈≈▒..▒ ▒.▒ ▒.
▒▒≈≈▒▒).▒ ▒.▒ ▒▒
▒≈≈▒..▒▒ ▒.▒ ▒ ▒▒≈▒..▒
▒.▒ ▒ ▒▒▒..▒ ▒)▒ ▒ ▒..▒
▒.▒ ▒
▒..▒▒▒▒▒▒)▒▒▒▒▒▒▒▒▒
▒..................


You could see 2 kobold brigands.


Message History

You block the kobold brigand's attack. You block the kobold brigand's attack.
You hit the kobold brigand but do no damage.
The kobold brigand is heavily wounded.
You barely miss the kobold brigand.
The kobold brigand completely misses you.
The kobold brigand hits you with a +2 dagger of draining.
* * * LOW HITPOINT WARNING * * *
You block the kobold brigand's attack.
The kobold brigand hits you but does no damage.
You slash the kobold brigand!
The kobold brigand is almost dead.
You barely miss the kobold brigand. You block the kobold brigand's attack.
The kobold brigand hits you with a +2 dagger of draining!
* * * LOW HITPOINT WARNING * * *
Unknown command.
You closely miss the kobold brigand.
The kobold brigand is almost dead.
You hit the kobold brigand.
The kobold brigand hits you with a +0 club.
* * * LOW HITPOINT WARNING * * *
The kobold brigand hits you but does no damage.
The kobold brigand hits you but does no damage.
You block the kobold brigand's attack.
You hit the kobold brigand.
The kobold brigand is almost dead.
You miss the kobold brigand.
The kobold brigand hits you with a +0 club!
You die...

Action                   |  1- 3 |  4- 6 |  7- 9 || total
-------------------------+-------+-------+-------++-------
Melee: War axe           |    98 |   290 |    61 ||   449
  Use: Potion            |       |     5 |       ||     5
Armor: Scale mail        |    60 |   158 |    27 ||   245
Dodge: Dodged            |    52 |    96 |    13 ||   161
Block: Kite shield       |    63 |   134 |    28 ||   225

Levels and vault maps discovered:
D:1:      amcnicky_arrival_flooded_fountain, layout_basic,
          shapermc_ecumenical_altar_mp_highgroup
D:2:      layout_basic, basic_altar
D:3:      cheibrodos_thug_alley, layout_loops_ring, gammafunk_ghost_grave
D:4:      layout_basic, nicolae_ossuary_entry_monument,
          minmay_misc_feat_columns, uniq_blork_the_orc

Notes
Turn   | Place    | Note
-------+----------+-------------------------------------------
     0 | D:1      | sanka the Ghoul Fighter began the quest for the Orb.
     0 | D:1      | Reached XP level 1. HP: 19/19 MP: 0/0
    37 | D:1      | Reached skill level 2 in Axes
    53 | D:1      | Reached XP level 2. HP: 16/26 MP: 1/1
   348 | D:1      | Found a faded altar of an unknown god.
   545 | D:1      | Reached XP level 3. HP: 33/33 MP: 2/2
   651 | D:2      | Found a shimmering altar of Xom.
   752 | D:2      | Reached skill level 3 in Axes
   856 | D:2      | Reached skill level 4 in Fighting
   856 | D:2      | Reached XP level 4. HP: 34/40 MP: 3/3
  1637 | D:4      | Reached skill level 4 in Axes
  1637 | D:4      | Reached XP level 5. HP: 25/47 MP: 4/4
  1838 | D:4      | Found a sand-covered staircase.
  1855 | Ossuary  | Entered an ossuary
  2444 | D:4      | Reached XP level 6. HP: 29/55 MP: 5/5
  2740 | D:4      | Noticed Blork the orc
  2764 | D:4      | HP: 5/55 [Blork the orc/+0 long sword (4)]
  2767 | D:4      | Killed Blork the orc
  2768 | D:4      | Reached skill level 5 in Fighting
  2768 | D:4      | Reached skill level 5 in Axes
  3774 | D:3      | Reached XP level 7. HP: 34/61 MP: 6/6
  4070 | D:3      | Found a runed translucent door.
  4070 | D:3      | Noticed Sapher's ghost (amateur DDFi)
  4328 | D:3      | HP: 5/61 [kobold brigand/+0 club (4)]
  4329 | D:3      | Slain by a kobold brigand

Vanquished Creatures
  A phantom (D:3)
  Blork the orc (D:4)
  A water moccasin skeleton (D:4)
  A howler monkey (D:2)
  A hound (D:4)
  A jelly (D:4)
  A mummy (Ossuary)
  3 adders
  An ufetubus (D:4)
  3 worms
  A dart slug (D:4)
  4 bats
  3 endoplasms
  2 giant cockroaches (D:2)
  12 gnoll zombies (Ossuary)
  12 goblins
  8 hobgoblins
  8 jackals (D:1)
  13 kobolds
  2 quokkas
  3 bat simulacra (Ossuary)
  4 frilled lizards
  4 goblin simulacra (Ossuary)
  10 goblin zombies (Ossuary)
  3 hobgoblin zombies (Ossuary)
  A kobold simulacrum (Ossuary)
  4 kobold zombies (Ossuary)
  An orc zombie (Ossuary)
  3 rats
  4 rat simulacra (Ossuary)
  6 spectral goblins (Ossuary)
  3 spectral kobolds (Ossuary)
  4 spectral rats (Ossuary)
129 creatures vanquished.
